Map: Acolyte LE

Players

Winthrowe - Winner!

  • Race: Terran Terran
  • League: Silver
  • Spawn Location: 1:00

A.I. 1 (Easy)

  • Race: Terran Terran
  • Spawn Location: 7:00

VOD

Have the link to the VOD?

Description

Time

  • Played on: Aug. 19, 2017, 12:43 p.m.
  • Length: 14:21
Show
View Real Time Build Order
Export as new Build Order

Winthrowe Terran - Winner!

Build Orders: Bio Hellbat 

Get SALT Encoding   

  12  0:04  SCV  
  13  0:25  Supply Depot  
  14  0:28  SCV  
  14  0:37  Refinery  
  14  0:38  Refinery  
  14  0:40  SCV  
  15  0:54  Barracks  
  15  0:57  SCV  
  16  1:09  SCV  
  17  1:21  SCV  
  18  1:33  SCV  
  19  1:45  Supply Depot, SCV  
  20  1:49  Marine  
  21  1:57  SCV  
  22  2:07  Marine  
  23  2:20  Command Center  
  23  2:21  SCV  
  24  2:28  Marine  
  25  2:33  SCV  
  26  2:45  SCV  
  26  2:46  Marine  
  28  2:57  SCV  
  29  3:04  Marine  
  30  3:09  SCV  
  30  3:10  Factory  
  31  3:19  Supply Depot  
  31  3:21  Supply Depot  
  31  3:23  Supply Depot  
  31  3:31  Marine  
  32  4:00  Command Center  
  32  4:03  Starport  
  32  4:07  SCV  
  33  4:19  SCV  
  34  4:31  SCV  
  34  4:32  Orbital Command  
  35  4:46  Engineering Bay  
  35  4:49  Factory Reactor  
  35  4:53  Starport Tech Lab  
  35  5:00  Barracks Tech Lab  
  35  5:09  SCV  
  35  5:10  SCV  
  37  5:18  Medivac  
  39  5:21  SCV  
  39  5:25  Stimpack  
  40  5:31  Marine  
  41  5:37  Cyclone  
  41  5:38  Cyclone  
  47  5:48  Marine  
  48  5:52  Armory  
  48  6:00  Building Armor  
  48  6:06  Marine  
  48  6:10  Cyclone x2  
  55  6:24  Marine  
  56  6:31  Medivac  
  58  6:42  Marine  
  59  6:51  Hellbat x2  
  63  7:00  Marine  
  64  7:12  Hellbat  
  64  7:13  Hellbat  
  68  7:17  Marine  
  69  7:24  Banshee  
  69  7:26  Combat Shields  
  72  7:34  Hellbat x2  
  72  7:35  Marine  
  67  7:52  Hellion x6  
  67  7:53  Marine  
  67  7:55  Hellbat  
  67  7:56  Hellbat  
  71  8:06  Banshee  
  74  8:49  Banshee  
  74  8:55  Fusion Core  
  77  8:56  Terran Infantry Weapons Level 1  
  77  8:59  Terran Vehicle Weapons Level 1  
  77  9:20  Refinery  
  77  9:25  Refinery  
  77  9:28  Refinery  
  77  9:32  Banshee  
  80  9:45  Refinery  
  80  10:15  Banshee  
  80  10:18  Supply Depot  
  83  10:28  Marauder  
  85  10:40  Hellion x2  
  85  10:41  Supply Depot  
  89  10:49  Marauder  
  91  10:50  Terran Infantry Armor Level 1  
  91  10:53  Terran Vehicle And Ship Armor Level 1  
  91  10:54  Cloaking Field  
  91  11:01  Hellion  
  91  11:03  Battlecruiser, Hellion  
  101  11:04  Supply Depot  
  101  11:26  Hellion x2, Marauder  
  101  11:28  Supply Depot  
  104  11:47  Hellion x2  
  104  11:50  Marauder  
  104  11:51  Supply Depot  
  110  12:11  Marauder  
  110  12:14  Supply Depot  
  112  12:33  Infernal Pre-Igniter  
  112  12:39  Viking x2  
  112  12:42  Thor  
  122  13:09  Viking x2  
  126  13:25  Thor  
Show
View Real Time Build Order
Export as new Build Order

A.I. 1 (Easy) Terran 

Build Orders:  

Get SALT Encoding   

  12  0:00  SCV  
  13  0:13  SCV  
  14  0:19  Supply Depot  
  14  0:25  SCV  
  15  0:40  SCV  
  16  0:44  Barracks  
  16  0:46  Refinery  
  16  1:10  Supply Depot  
  16  1:21  Refinery  
  16  1:30  Barracks Tech Lab  
  16  1:31  Orbital Command  
  16  1:49  Marauder  
  18  2:12  Marauder  
  18  2:13  Supply Depot  
  18  2:15  SCV  
  21  2:27  SCV  
  22  2:36  Marauder  
  24  2:39  SCV  
  25  2:51  SCV  
  26  2:59  Marine  
  26  3:03  SCV  
  28  3:15  SCV  
  29  3:22  Marine  
  30  3:46  Marine  
  31  4:09  Marine  
  32  6:47  Marine, SCV  
  32  6:50  Supply Depot  
  32  6:52  Factory  
  34  6:54  Command Center  
  34  7:05  Marine  
  35  7:13  Supply Depot  
  35  7:23  Marine  
  33  7:40  Starport  
  33  7:41  Marine  
  29  7:59  Marauder  
  29  8:06  SCV  
  29  8:11  SCV  
  31  8:14  Refinery  
  31  8:18  Starport Tech Lab, Refinery  
  31  8:19  SCV  
  32  8:21  Marauder  
  32  8:23  SCV  
  35  8:31  SCV  
  36  8:35  SCV  
  36  8:37  Raven  
  39  8:42  Marauder  
  39  8:43  SCV  
  39  8:47  SCV  
  43  8:55  SCV  
  44  8:59  SCV  
  45  9:03  Marine  
  45  9:07  SCV  
  47  9:11  SCV  
  48  9:19  SCV  
  48  9:20  Raven  
  48  9:21  Marine  
  48  9:23  SCV  
  53  9:31  SCV  
  53  9:35  SCV  
  55  9:38  Marine  
  55  9:43  SCV  
  57  9:48  SCV  
  58  9:55  SCV  
  58  9:56  Marine  
  60  10:00  SCV  
  61  10:07  SCV  
  61  10:12  SCV  
  63  10:14  Supply Depot  
  63  10:20  SCV  
  63  11:34  Viking  
  63  11:38  Supply Depot  
  40  11:57  Command Center  
  30  12:10  Engineering Bay  
  30  12:15  Supply Depot, Command Center  
  26  12:26  Barracks  
  24  12:40  Supply Depot  
  21  13:06  Supply Depot  
  21  13:07  SCV  
  21  13:11  Command Center  
  21  13:12  Barracks  
  22  13:19  SCV  
  22  13:20  Refinery  
  21  13:31  SCV  
  21  13:32  Command Center  
  21  13:33  Supply Depot  
  18  13:43  SCV  
  11  14:00  Supply Depot  
Tags
 
Composition
Bio Hellbat
League
Silver
Matchup
TvT
Race
Terran
Spawn Locations
Cross Positions
Add a new tag
Caveats
  • Supply blocks, unpowered buildings, or Contaminate may cause inaccurate times.
  • Supply counts are checked every 10 seconds.